 Dungeon Crawl Stone Soup version 0.21-a0-552-g593960d (webtiles) character file.

196 Coron the Covered (level 5, -3/49 HPs)
             Began as a Deep Dwarf Monk on Dec 18, 2017.
             Killed from afar by an orc wizard (6 damage)
             ... with a magic dart
             ... on level 3 of the Dungeon.
             The game lasted 00:05:23 (1297 turns).

Coron the Covered (Deep Dwarf Monk)                 Turns: 1297, Time: 00:05:23

Health: -3/49      AC:  7    Str: 16    XL:     5   Next: 46%
Magic:  3/3        EV: 12    Int: 10    God:
Gold:   191        SH:  0    Dex: 15    Spells: 4/4 levels left

rFire    . . .     SeeInvis .   a - +0 hand axe
rCold    . . .     Gourm    .   (no shield)
rNeg     . . .     Faith    .   p - +0 ring mail
rPois    +         Spirit   .   (no helmet)
rElec    .         Reflect  .   s - +0 cloak {rPois}
rCorr    .         Harm     .   (no gloves)
MR       .....                  (no boots)
Stlth    +.........             (no amulet)
HPRegen  0.00/turn              (no ring)
MPRegen  0.08/turn              (no ring)

@: non-regenerating
A: damage resistance, heal wounds, sense surroundings 1, no regeneration
a: Heal Wounds


You were on level 3 of the Dungeon.
You were not hungry.

You visited 1 branch of the dungeon, and saw 3 of its levels.

You collected 191 gold pieces.

Inventory:

Hand Weapons
 a - a +0 hand axe (weapon)
Armour
 m - a +0 scale mail
 p - a +0 ring mail (worn)
 s - a +0 cloak of poison resistance (worn)
Scrolls
 b - a scroll of enchant weapon {unknown}
 d - a scroll of amnesia {unknown}
 e - a scroll of identify
 h - a scroll of teleportation {unknown}
 i - a scroll of blinking {unknown}
 k - 2 scrolls of remove curse
 n - a scroll of noise {unknown}
 o - a scroll of fog {unknown}
Potions
 q - a potion of degeneration {unknown}
 r - a potion of lignification {unknown}
Comestibles
 c - a bread ration
 f - 4 chunks of flesh (quivered)
 l - a meat ration


   Skills:
 - Level 3.0 Fighting
 - Level 4.0 Axes
 + Level 5.0 Armour
 - Level 3.2 Dodging
 - Level 2.4 Stealth


You had 4 spell levels left.
You didn't know any spells.

Dungeon Overview and Level Annotations

Branches:
Dungeon (3/15)

Altars:
Dithmenos


Innate Abilities, Weirdness & Mutations

You are resistant to damage.
You can heal yourself by infusing magical energy.
You passively map a small area around you.
You do not regenerate.


Message History

You barely miss the orc priest.
The orc priest is heavily wounded.
You closely miss something.
You feel less confused. The orc priest closely misses you.
Something hits you but does no damage.
You barely miss the orc priest.
The orc priest is heavily wounded.
You hit something.
The orc priest mumbles some strange prayers to Beogh against you.
Beogh smites you!
* * * LOW HITPOINT WARNING * * *
Something hits you but does no damage.
You slash the orc priest!
You kill the orc priest!
Your Armour skill increases to level 5!
You miss something.
You hear some strange, mumbled words.
A magic dart appears from out of thin air!
The magic dart hits you!
You die...

# * * * ** # ....# .# ,
####### ...# .# * ......#
...##.#### ....###
#......... * ###.###
#.......## ###.#.#
>........ , *,
......##########........
* ###.#.#(...(..<.@..# ##
* , ,
##.#.#.#.######){.#...#.,
##..............)...._...
.#..#.#.#......##.)#...#.
.#..#.#.#..[##..#..# .##
*
....#.#.........#....,..
,
....#.....#.##..#.....,.
* #..#....#.#.##..#####.o
* ........#.#.##...# ..


There were no monsters in sight!

Vanquished Creatures
  An orc priest (D:3)
  Crazy Yiuf (D:3)
  A gnoll (D:1)
  6 adders (D:2)
  An ooze (D:2)
  3 worms
  A dart slug (D:1)
  3 leopard geckos
  2 orcs (D:3)
  4 ball pythons
  2 giant cockroaches
  4 goblins
  8 hobgoblins
  3 jackals (D:1)
  12 bats
  2 frilled lizards
  4 kobolds
  3 rats
61 creatures vanquished.

Notes
Turn   | Place    | Note
-------+----------+-------------------------------------------
     0 | D:1      | Coron the Deep Dwarf Monk began the quest for the Orb.
     0 | D:1      | Reached XP level 1. HP: 20/20 MP: 1/1
    56 | D:1      | Reached XP level 2. HP: 13/27 MP: 2/2
    89 | D:1      | Reached skill level 1 in Armour
   273 | D:1      | Reached XP level 3. HP: 33/34 MP: 2/2
   603 | D:2      | Reached skill level 2 in Armour
   742 | D:2      | Reached XP level 4. HP: 29/42 MP: 3/3
   754 | D:2      | Reached skill level 3 in Armour
  1048 | D:2      | Reached skill level 4 in Armour
  1150 | D:3      | Found a runed door.
  1154 | D:3      | Noticed Crazy Yiuf
  1166 | D:3      | HP: 2/42 [Crazy Yiuf/quarterstaff of chaos (7)]
  1182 | D:3      | Killed Crazy Yiuf
  1182 | D:3      | Reached XP level 5. HP: 21/49 MP: 1/3
  1257 | D:3      | Found a shadowy altar of Dithmenos.
  1297 | D:3      | Reached skill level 5 in Armour
  1297 | D:3      | Killed from afar by an orc wizard

Vault maps used:
D:1:      minmay_arrival_up_and_down, nrook_uturn
D:2:      minmay_pentomino_s2
D:3:      nicolae_overflow_crystal_walls, vehumet_crystals, tgw_sif,
          chequers_ecumenical_altar_simple_redux, eino_tiny_chamber,
          uniq_crazy_yiuf_cottage

Skill      XL: |  1  2  3  4  5 |
---------------+----------------+-----
Armour         | 1 2 4 5 |  5.0
Fighting       | 3 |  3.0
Axes           | 4 |  4.0
Dodging        | |  3.2
Stealth        | |  2.4

Action                   |  1- 3 |  4- 6 || total
-------------------------+-------+-------++-------
Melee: Hand axe          |   119 |   131 ||   250
 Abil: Heal Wounds       |     1 |     2 ||     3
  Use: Scroll            |     1 |     1 ||     2
       Potion            |       |     1 ||     1
 Stab: Sleeping          |     1 |       ||     1
  Eat: Chunk             |       |     2 ||     2
Armor: Leather armour    |    34 |     6 ||    40
       Robe              |     2 |       ||     2
       Ring mail         |       |    47 ||    47
Dodge: Dodged            |    98 |    73 ||   171

Table legend:
 A = Spawn XP
 B = Non-spawn XP
 C = Spawn XP percentage of total XP
 D = Spawn monster count
 E = Non-spawn monster count
 F = Spawn count percentage of total count
 G = Total turns spent on level
                    A         B        C        D         E        F      G
               +---------+---------+-------+---------+---------+-------+---------
         Total |       0 |     281 |   0.0 |       0 |      61 |   0.0 |  1297
               +---------+---------+-------+---------+---------+-------+---------
           D:1 |       0 |      58 |   0.0 |       0 |      27 |   0.0 |   586
           D:2 |       0 |     126 |   0.0 |       0 |      27 |   0.0 |   550
           D:3 |       0 |      97 |   0.0 |       0 |       7 |   0.0 |   161
               +---------+---------+-------+---------+---------+-------+---------
